 Dungeon Crawl Stone Soup version 0.30-a0-643-g638baaf3f0 (console) character file.

Game seed: 11558067825004945413

569409 Banquo the Acrobat (level 27, 0/224 HPs)
             Began as a Djinni Air Elementalist on July 19, 2022.
             Was a High Priest of Ashenzari.
             Slain by a green draconian monk (2 damage)
             ... on level 1 of the Realm of Zot on Jan 18, 2023.
             The game lasted 09:16:21 (70586 turns).

Banquo the Acrobat (Djinni Air Elementalist)       Turns: 70586, Time: 09:16:22

Health: 0/224      AC: 10    Str:  7    XL:     27
Gold:   3186       EV: 32    Int: 28    God:    Ashenzari [*****.] SH: 29 Dex: 23

rFire   + + +      SeeInvis +    b - staff of cold
rCold   + + +      Faith    .    i - +2 tower shield of the Fated Augurer {AC+3, Self, Melee} (curse)
rNeg    + . .      Spirit   .    d - +1 robe "Share My Polytheism" {rElec rC++ Regen+ Stlth-, Cun, Self} (curse)
rPois   ∞          Reflect  .    h - -2 hat of the Alchemist {rElec rPois rF+ rC+ rN+ Will+ rMut rCorr, Melee, Self} (curse)
rElec   +          Harm     .    e - +0 cloak "Visionary Panentheism" {Self, Fort} (curse)
rCorr   +          Rampage  .    g - +2 pair of gloves {Stlth+}
rMut    +          Clarity  +    (boots unavailable)
Will    +++..                    y - amulet "Per Aspera Ad Scientiam" {Regen+, Self, Evo} (curse)
Stlth   +++++                    C - ring of the Shackled Seer {rC+ rCorr Dex+6, Self, Fort} (curse)
HPRegen 2.17/turn                K - ring "Behold Eternity" {Wiz, Self, Fort} (curse)
MPRegen 0.00/turn

@: about to teleport, flying, constricted
A: sickness immunity, fire resistance 2, cold vulnerability 1, float, innate
caster, HP casting, extra vitality 1
}: 4/15 runes: serpentine, barnacled, slimy, silver
a: Renounce Religion, Shatter the Chains


You were on level 1 of the Realm of Zot.
You worshipped Ashenzari.
Ashenzari was extremely pleased with you.
You visited 12 branches of the dungeon, and saw 51 of its levels.
You visited 1 bazaar.
You also visited: Sewer.

You collected 6741 gold pieces.
You spent 3555 gold pieces at shops.

Inventory:

Hand Weapons
 a - the +11 dagger "Hisha" {flame, rF- Dex+4}
   (You found it on level 7 of the Dungeon)

   Dex:       It affects your dexterity (+4).
   rF:        It makes you vulnerable to fire.
 c - a +6 scimitar of holy wrath
 j - the +6 long sword "Ciskod" {freeze, +Blink rPois rCorr Int+6}
   (You found it on level 4 of the Lair of Beasts)

   Int:       It affects your intelligence (+6).
   rPois:     It protects you from poison.
   +Blink:    It lets you blink.
   rCorr:     It protects you from acid and corrosion.
 r - a +1 antimagic rapier
Missiles
 o - 34 boomerangs
 P - 5 boomerangs of dispersal
Armour
 d - the cursed +1 robe "Share My Polytheism" (worn) {rElec rC++ Regen+ Stlth-, Cun, Self}
   (You bought it in a shop on level 4 of the Vaults)

   rC:        It greatly protects you from cold.
   rElec:     It insulates you from electricity.
   Regen:     It increases your rate of health regeneration.
   Stlth:     It makes you less stealthy.
   It has a curse which improves the following skills: Cunning: Dodging and
   Stealth.
   Introspection: Fighting and Spellcasting.
 e - the cursed +0 cloak "Visionary Panentheism" (worn) {Self, Fort}
   (You found it on level 3 of the Vaults)

   It has a curse which improves the following skills: Introspection: Fighting
   and Spellcasting.
   Fortitude: Armour and Shields.
 g - a +2 pair of gloves of stealth (worn)
 h - the cursed -2 hat of the Alchemist (worn) {rElec rPois rF+ rC+ rN+ Will+ rMut rCorr, Melee, Self}
   (You bought it in a shop on level 1 of the Depths)

   rF:        It protects you from fire.
   rC:        It protects you from cold.
   rElec:     It insulates you from electricity.
   rPois:     It protects you from poison.
   rN:        It protects you from negative energy.
   rCorr:     It protects you from acid and corrosion.
   rMut:      It protects you from mutation.
   Will:      It increases your willpower.
   It has a curse which improves the following skills: Melee Combat: Short
   Blades, Long Blades, Axes, Maces & Flails, Polearms, Staves and Unarmed
   Combat.
   Introspection: Fighting and Spellcasting.
 i - the cursed +2 tower shield of the Fated Augurer (worn) {AC+3, Self, Melee}
   (You took it off a naga warrior on level 4 of the Snake Pit)

   It has a curse which improves the following skills: Introspection: Fighting
   and Spellcasting.
   Melee Combat: Short Blades, Long Blades, Axes, Maces & Flails, Polearms,
   Staves and Unarmed Combat.
Magical Staves
 b - a staff of cold (weapon)
 J - a staff of air
Jewellery
 y - the cursed amulet "Per Aspera Ad Scientiam" (around neck) {Regen+, Self, Evo}
   (You found it on level 3 of the Lair of Beasts)

   [amulet of regeneration]

   Regen:     It increases your rate of health regeneration.
   It has a curse which improves the following skills: Introspection: Fighting
   and Spellcasting.
   Evocations: Evocations.
 C - the cursed ring of the Shackled Seer (left hand) {rC+ rCorr Dex+6, Self, Fort}
   (You found it on level 2 of the Depths)

   [ring of dexterity]

   Dex:       It affects your dexterity (+6).
   rC:        It protects you from cold.
   rCorr:     It protects you from acid and corrosion.
   It has a curse which improves the following skills: Introspection: Fighting
   and Spellcasting.
   Fortitude: Armour and Shields.
 K - the cursed ring "Behold Eternity" (right hand) {Wiz, Self, Fort}
   (You found it on level 3 of the Snake Pit)

   [ring of wizardry]

   It improves your spell success rate.
   It has a curse which improves the following skills: Introspection: Fighting
   and Spellcasting.
   Fortitude: Armour and Shields.
Wands
 t - a wand of roots (27)
 D - a wand of digging (4)
 M - a wand of quicksilver (39)
 N - a wand of mindburst (34)
Scrolls
 f - 7 scrolls of enchant armour
 k - 28 scrolls of teleportation
 m - 9 scrolls of magic mapping
 q - 21 scrolls of noise
 s - 5 scrolls of silence
 x - a scroll of acquirement
 B - 9 scrolls of summoning
 F - 9 scrolls of fog
 H - 6 scrolls of enchant weapon
 L - 10 scrolls of poison
 O - 14 scrolls of fear
 U - 14 scrolls of blinking
Potions
 l - 26 potions of curing
 n - 19 potions of might
 v - 6 potions of haste
 w - 21 potions of mutation
 z - 3 potions of invisibility
 E - 4 potions of cancellation
 I - 5 potions of resistance
 R - 16 potions of heal wounds
 S - 8 potions of brilliance
 V - 7 potions of berserk rage
 Y - 3 potions of ambrosia
Miscellaneous
 p - a box of beasts
 u - a phial of floods
 G - a phantom mirror
 Q - a condenser vane


   Skills:
 - Level 18.3(26.2) Fighting
 - Level 8.3(13.2) Short Blades
 * Level 9.9(14.2) Long Blades
 - Level 7.5(12.0) Armour
 - Level 24.0(26.0) Dodging
 - Level 9.2(11.5) Stealth
 - Level 21.9(26.0) Shields
 - Level 18.3(26.1) Spellcasting
 * Level 8.9(11.2) Evocations


You couldn't memorise any spells.
You knew the following spells:

 Your Spells              Type           Power      Damage    Failure   Level
a - Airstrike             Air            55%        2d(8-24)  0%          4
b - Foxfire               Conj/Fire      100%       2x1d9     0%          1
c - Maxwell's Capacitive  Air            55%        ∞         1%          8
d - Static Discharge      Conj/Air       100%       2-7/arc   0%          2
e - Enfeeble              Hex            55%        N/A       0%          7
f - Dazzling Flash        Conj/Hex       100%       N/A       0%          3
g - Death's Door          Necr           55%        N/A       1%          9
h - Haunt                 Necr/Summ      55%        N/A       0%          7
l - Leda's Liquefaction   Hex/Erth       55%        N/A       0%          4
r - Shock                 Conj/Air       100%       1d9       0%          1
s - Swiftness             Air            100%       N/A       0%          3
v - Borgnjor's Vile Clut  Necr/Erth      55%        N/A       0%          5
z - Stone Arrow           Conj/Erth      100%       3d13      0%          3
D - Discord               Hex            55%        N/A       1%          8
K - Wereblood             Tmut           100%       N/A       0%          2
L - Statue Form           Tmut/Erth      74%        N/A       0%          6
O - Ozocubu's Refrigerat  Ice            67%        4d22      0%          7
Your spell library was empty.

Dungeon Overview and Level Annotations

Branches:
Dungeon (15/15)            Temple (1/1) D:7            Lair (5/5) D:9
 Shoals (4/4) Lair:2        Snake (4/4) Lair:2        Slime (5/5) Lair:5
    Orc (2/2) D:10            Elf (3/3) Orc:2        Vaults (5/5) D:14
  Crypt (2/3) Vaults:3     Depths (4/4) D:15            Zot (1/5) Depths:4
  Sewer (visited)

Altars:
Ashenzari
Cheibriados
Dithmenos
Elyvilon
Fedhas
Gozag
Hepliaklqana
Makhleb
Nemelex Xobeh
Okawaru
Qazlal
Ru
Trog
Uskayaw
Wu Jian
Xom
Yredelemnul
Zin
The Shining One
Lugonu

Shops:
D:8 :   D:11 *   Orc:2 [[(!:   Elf:3 (   Shoals:2 (   Shoals:4 *   Vaults:3 (
Vaults:4 *   Depths:1 *:?*(

Portals:
Hell: Depths:1 Depths:2 Depths:3 Depths:4
Abyss: Depths:1 Depths:3
Pandemonium: Depths:2
Ziggurat: Depths:3

Annotations:
Elf:2 3 runed translucent doors
Vaults:1 diggable vault
Crypt:1 2 transporters, exclusion: obsidian statue


Innate Abilities, Weirdness & Mutations

You are immune to sickness and miasma.
You are immune to poison.
Your flesh is very heat resistant. (rF++)
You are vulnerable to cold. (rC-)
You float through the air rather than walking.
You learn spells naturally, not from books.
Your magical power is your life essence.
You have superior vitality. (+4 MHP)


Message History

Press: ? - help, Q - select action, (/) - cycle Dir - look around, f - activate You feel a surge of power!
The heat is drained from your surroundings.
The tentacled monstrosity resists.
The tentacled monstrosity is heavily wounded.
The golden dragon resists.
The golden dragon is severely wounded.
The white draconian resists.
The white draconian is moderately wounded.
The green draconian is severely wounded.
The green draconian seems to slow down.
You kill the moth of wrath!
The curse toe resists.
The curse toe is heavily damaged.
The green draconian monk is severely wounded.
You destroy the wandering mushroom!
The wandering mushroom disappears in a puff of smoke!
The tentacled monstrosity resists.
The tentacled monstrosity is severely wounded.
The deathcap resists.
The deathcap is severely damaged.
The tentacled monstrosity resists.
The tentacled monstrosity is severely wounded.
The tentacled monstrosity resists.
The tentacled monstrosity is severely wounded.
The storm dragon resists.
The storm dragon is severely wounded.
The white draconian resists.
The white draconian is severely wounded.
The tentacled monstrosity resists.
The tentacled monstrosity is moderately wounded.
The tentacled monstrosity resists.
The tentacled monstrosity is severely wounded.
* * * LOW HITPOINT WARNING * * *
You block the storm dragon's attack. x2; The storm dragon tramples you.
* * * LOW HITPOINT WARNING * * *
You are held in place!
You block the green draconian monk's attack. x3
The green draconian monk tail-slaps you.
You die...

* * * **###### ,
,**# , ,......,
,,.# * ,.....,
#.# ,, ##...#*
..# *,
##..>..##...##
,,,#....d[d#....#
**
......XDq°)#.## ,
,,
.⌠..8XX@Xz....#
.....dDXX!....# *
#...!.§f#)....# ,
,,
##..>..##...### ,
##)..# ,.## ,
,....., ## ,,,,,
...... * * ###...
, * *,, ,,


You could see 6 tentacled monstrosities, a green draconian monk (berserk, slow),
a golden dragon, a storm dragon, a green draconian (slow), 2 draconians, a curse
toe and a deathcap (summoned).

Vanquished Creatures
  the Royal Jelly (Slime:5)
  A dread lich (Vaults:5)
  3 ancient liches (Vaults:5)
  Mara (Shoals:4)
  A juggernaut (Depths:4)
  Boris (Vaults:2)
  Margery (Vaults:5)
  Xtahua (Vaults:4)
  3 golden dragons
  Jory (Crypt:2)
  3 bone dragons (Depths:4)
  Jorgrun (D:15)
  2 tentacled monstrosities (Depths:3)
  Zenata (Vaults:2)
  4 liches
  A walking divine tome (Depths:3)
  Mlioglotl (Shoals:2)
  5 titans (Vaults:5)
  A deep elf blademaster (Elf:3)
  A walking frostbound tome (Depths:3)
  14 acid blobs
  An ancient champion (Vaults:3)
  A kraken (Shoals:3)
  3 quicksilver dragons
  Gastronok (D:12)
  8 sphinxes
  4 shadow dragons (Vaults:5)
  5 storm dragons
  A draconian monk (Depths:4)
  7 tengu reavers
  Roxanne (Shoals:4)
  10 rockslimes
  5 azure jellies
  A nagaraja (Snake:3)
  10 fire giants
  9 frost giants
  A fire giant (shapeshifter) (Depths:2)
  2 iron dragons
  6 deep elf sorcerers
  10 vault wardens
  2 orc warlords (Vaults:2)
  2 draconian scorchers (Zot:1)
  A curse skull (Crypt:1)
  2 deep elf elementalists (Elf:3)
  16 ironbound preservers
  9 quicksilver oozes
  8 war gargoyles
  26 very ugly things
  19 stone giants
  4 vampire knights
  3 green draconians (Depths:4)
  8 ironbound thunderhulks
  Nessos (D:12)
  A black draconian (Depths:4)
  A white draconian (Depths:4)
  A dire elephant (shapeshifter) (Depths:2)
  A spark wasp (Depths:3)
  Azrael (D:15)
  12 deep elf annihilators
  6 deep elf demonologists
  4 purple draconians
  A red draconian (Depths:4)
  2 bunyips (shapeshifter)
  2 yellow draconians
  An acid blob zombie (Crypt:2)
  Snorg (D:14)
  A blizzard demon (Depths:2)
  10 dire elephants
  An eidolon (Vaults:3)
  2 merfolk impalers
  3 merfolk javelineers (Shoals:4)
  12 ettins
  4 deep elf death magi
  8 fire dragons
  A crystal guardian (Vaults:4)
  3 rakshasas
  19 yaktaur captains
  10 great orbs of eyes
  Fannar (Orc:1)
  6 deep elf high priests
  5 ogre magi
  29 vault guards
  4 spriggan air magi
  4 ice dragons
  6 boulder beetles
  5 hydras
  4 peacekeepers
  14 centaur warriors
  10 anacondas
  3 catoblepae
  15 naga warriors
  5 ironbound frosthearts
  2 merfolk aquamancers (Shoals:4)
  2 merfolk avatars (Shoals:4)
  16 two-headed ogres
  24 dancing weapons
  A satyr (shapeshifter) (Depths:2)
  A satyr (Shoals:4)
  4 deep troll shamans
  3 vampire magi
  4 death yaks
  4 tengu warriors
  A shock serpent (shapeshifter) (Depths:3)
  Urug (D:13)
  5 deep troll earth magi
  5 naga sharpshooters
  5 spriggan berserkers
  Sonja (Lair:5)
  15 hell knights
  6 shock serpents
  3 spriggans
  A soul eater (Depths:3)
  15 deep elf knights
  A storm dragon skeleton (D:15)
  2 titan skeletons
  A shadow wraith (Vaults:5)
  2 skeletal warriors (D:15)
  5 iron trolls
  A fire crab (shapeshifter) (Vaults:5)
  A fire crab (Lair:4)
  4 sea snakes
  8 deep elf archers
  An obsidian statue (Depths:2)
  39 deep trolls
  10 orc knights
  9 glowing orange brains
  6 wizards
  A naga ritualist (Snake:2)
  2 flayed ghosts
  A lindwurm (shapeshifter) (Depths:2)
  Pikel (D:6)
  18 harpies
  8 necromancers
  11 lindwurms
  3 phantasmal warriors
  A golden dragon skeleton (Crypt:1)
  21 deep elf pyromancers
  2 mana vipers (shapeshifter)
  5 mana vipers
  20 deep elf zephyrmancers
  15 ironbound convokers
  An orc sorcerer (Orc:1)
  4 fauns
  A fire giant zombie (D:15)
  9 salamanders
  10 manticores
  A faun (shapeshifter) (Depths:2)
  4 moths of wrath (Zot:1)
  27 ugly things
  7 cyclopes
  An elephant (shapeshifter) (Vaults:5)
  A moth of wrath (shapeshifter) (D:15)
  5 merfolk sirens
  A black mamba (shapeshifter) (D:15)
  A molten gargoyle (Depths:2)
  6 water nymphs
  8 guardian serpents
  18 naga magi
  19 vault sentinels
  20 black mambas
  17 cane toads
  A smoke demon (Depths:3)
  3 gargoyles
  A torpor snail (Lair:4)
  A hellion (Depths:3)
  3 eyes of devastation
  A kobold demonologist (D:11)
  3 rime drakes
  3 efreet
  9 komodo dragons
  15 yaktaurs
  4 freezing wraiths
  A komodo dragon (shapeshifter) (Depths:2)
  2 tengu conjurers
  15 merfolk
  4 meliai
  A polar bear (Lair:5)
  12 trolls
  4 wind drakes
  5 hornets
  3 tyrant leeches (Lair:5)
  Grinder (D:4)
  20 blink frogs
  A frost giant simulacrum (Vaults:2)
  4 snapping turtles
  17 dream sheep
  79 slime creatures
  3 shadows
  28 yaks
  11 water elementals
  5 wyverns
  A centaur simulacrum (D:14)
  15 air elementals
  10 fire elementals
  2 wraiths
  A dire elephant simulacrum (Crypt:1)
  13 golden eyes
  2 steam dragons
  4 redbacks
  11 vampire mosquitoes
  5 hogs (Shoals:4)
  A redback (shapeshifter) (Vaults:5)
  2 yaktaur simulacra (Vaults:2)
  5 basilisks
  2 human zombies
  2 acid dragons
  36 nagas
  10 water moccasins
  A floating eye (Depths:4)
  A glowing shapeshifter skeleton (Vaults:2)
  A deep troll skeleton (Crypt:1)
  A hell hound (D:15)
  An ice beast (D:6)
  A black bear (shapeshifter) (Elf:2)
  17 orc warriors
  A swamp dragon zombie (Crypt:1)
  A boggart (D:14)
  3 black bears
  3 wolves (Lair:1)
  22 ogres
  4 centaurs
  An eye of devastation zombie (Crypt:1)
  2 phantoms
  Blork the orc (D:6)
  6 kobold brigands
  19 bullfrogs
  A water moccasin zombie (Crypt:1)
  A gnoll sergeant (D:7)
  A necrophage (D:6)
  5 earth elementals
  A scorpion (D:6)
  12 wights
  6 killer bees (D:4)
  3 electric eels
  5 howler monkeys
  2 lava snakes (Lair:4)
  2 hounds
  A jelly (D:8)
  Crazy Yiuf (D:2)
  19 orc priests
  2 gnoll boudas (D:7)
  Jessica (D:3)
  An iguana (D:5)
  Terence (D:3)
  Natasha (thrice) (D:3)
  22 orc wizards
  2 polar bear simulacra (D:9)
  2 yak simulacra (D:9)
  2 wolf simulacra (D:9)
  Robin (D:4)
  8 adders
  12 gnolls
  2 shadow imps
  An iguana skeleton (Crypt:2)
  7 worms
  53 orcs
  5 ball pythons
  3 endoplasms
  A giant cockroach (D:3)
  A gnoll zombie (Crypt:1)
  8 hobgoblins
  4 quokkas (D:6)
  3 bats (D:2)
  4 frilled lizards (D:1)
  A frilled lizard skeleton (Crypt:1)
  10 goblins
  A goblin zombie (Crypt:1)
  A hobgoblin zombie (Crypt:2)
  18 kobolds
  14 rats
  5 river rat simulacra (D:9)
  A river rat skeleton (Crypt:2)
  5 ball lightnings (Depths:2)
  A foxfire (D:15)
  3 tentacles (Shoals:3)
1670 creatures vanquished.

Vanquished Creatures (collateral kills)
  Boris (Vaults:3)
  Bai Suzhen (Vaults:2)
  Asterion (Snake:3)
  2 deep elf master archers (Elf:3)
  Polyphemus (Shoals:4)
  A kraken (Shoals:1)
  A tengu reaver (Depths:1)
  Kirke (Shoals:4)
  Donald (Shoals:2)
  A fire giant (shapeshifter) (Depths:2)
  An azure jelly (Slime:4)
  3 nagarajas (Snake:4)
  3 deep elf sorcerers
  The ghost of Kixze Teama the Eclecticist, an adept DjCj of Gozag (D:15)
  A frost giant (Depths:3)
  3 war gargoyles (Depths:2)
  7 very ugly things
  An ironbound preserver (Vaults:2)
  An ironbound thunderhulk (Vaults:2)
  2 stone giants
  A dire elephant (Vaults:1)
  An eleionoma (shapeshifter) (Depths:2)
  A deep elf demonologist (Elf:3)
  A spark wasp (Depths:1)
  A deep elf annihilator (Elf:3)
  An entropy weaver (Vaults:4)
  2 eidola
  A crystal guardian (Vaults:4)
  A bunyip (shapeshifter) (Elf:1)
  2 deep elf death magi
  2 deep elf high priests
  4 ettins
  3 merfolk impalers
  A peacekeeper (Vaults:4)
  5 ice dragons
  2 salamander tyrants (Snake:4)
  7 anacondas
  A catoblepas (Shoals:4)
  2 merfolk aquamancers
  4 ironbound frosthearts
  2 alligator snapping turtles (Shoals:2)
  11 naga warriors
  An alligator (shapeshifter) (Depths:2)
  7 dancing weapons
  A deep troll earth mage (Depths:1)
  2 deep troll shamans (Depths:1)
  3 merfolk avatars
  A death yak (Shoals:4)
  8 naga sharpshooters
  3 shock serpents
  A soul eater (Depths:3)
  12 deep elf knights
  2 hell knights
  2 iron trolls (Depths:1)
  3 salamander mystics
  4 sea snakes
  A shadow wraith (D:15)
  3 obsidian statues (Depths:2)
  7 deep elf archers
  5 phantasmal warriors
  A glowing orange brain (Depths:3)
  A wizard (Vaults:3)
  4 naga ritualists
  4 harpies
  2 necromancers
  3 deep trolls
  4 ironbound convokers
  7 deep elf zephyrmancers
  An orc knight (Elf:1)
  7 deep elf pyromancers
  An orc sorcerer (Elf:1)
  11 salamanders
  13 slime creatures
  3 mana vipers
  4 cyclopes
  4 ugly things
  13 fauns
  4 manticores
  6 guardian serpents
  10 black mambas
  A torpor snail (shapeshifter) (Depths:2)
  13 naga magi
  2 water nymphs
  3 merfolk sirens
  A fire giant skeleton (Crypt:1)
  A stone giant skeleton (Vaults:4)
  2 freezing wraiths
  An elf skeleton (Vaults:4)
  A meliai (shapeshifter) (Depths:1)
  12 merfolk
  8 wind drakes
  4 raiju (Depths:2)
  3 dream sheep
  8 snapping turtles
  7 water elementals
  A wraith (Crypt:1)
  4 fire elementals
  15 nagas
  3 floating eyes
  A human skeleton (Vaults:4)
  2 earth elementals (Depths:2)
352 creatures vanquished.

Vanquished Creatures (others)
  A war gargoyle (Depths:2)
  An ice dragon (Depths:1)
  A tengu warrior (Depths:1)
  2 deep trolls (Depths:1)
  A wizard (D:8)
  A slime creature (Slime:1)
  2 fire elementals (D:15)
  4 ball lightnings (Depths:2)
  158 foxfires
  17 fungi
  222 plants
  A tentacle (Shoals:3)
  7 withered plants (D:15)
418 creatures vanquished.

Grand Total: 2440 creatures vanquished

Notes
Turn   | Place    | Note
-------+----------+-------------------------------------------
     0 | D:1      | Banquo the Djinni Air Elementalist began the quest for the
                  | Orb.
     0 | D:1      | Banquo set off with the following spells memorised: Shock,
                  | Static Discharge, Swiftness, Airstrike.
     0 | D:1      | Reached XP level 1. HP: 15/15 MP: 0/0
   235 | D:1      | Reached XP level 2. HP: 11/22 MP: 0/0
  1167 | D:2      | Reached XP level 3. HP: 24/26 MP: 0/0
  1167 | D:2      | Learned a level 1 spell: Foxfire
  1208 | D:2      | Found a faded altar of an unknown god.
  1275 | D:2      | Reached skill level 1 in Fighting
  2084 | D:2      | Found a runed translucent door.
  2085 | D:2      | Noticed Crazy Yiuf
  2289 | D:3      | Noticed Natasha
  2296 | D:3      | Killed Natasha
  2297 | D:3      | Reached XP level 4. HP: 23/32 MP: 0/0
  2717 | D:3      | Noticed Terence
  2742 | D:3      | Killed Terence
  2743 | D:3      | Reached XP level 5. HP: 30/38 MP: 0/0
  2743 | D:3      | Learned a level 2 spell: Wereblood
  2816 | D:3      | Noticed Natasha
  2994 | D:3      | Killed Natasha
  3094 | D:3      | Noticed Natasha
  3105 | D:3      | Killed Natasha
  3185 | D:3      | Noticed Jessica
  3195 | D:3      | Killed Jessica
  3196 | D:3      | Reached XP level 6. HP: 36/43 MP: 0/0
  3442 | D:3      | Found a sacrificial altar of Ru.
  3591 | D:3      | Found a hazy altar of Hepliaklqana.
  3678 | D:3      | Found a snail-covered altar of Cheibriados.
  4191 | D:4      | Reached skill level 5 in Spellcasting
  4192 | D:4      | Reached XP level 7. HP: 22/49 MP: 0/0
  4192 | D:4      | Learned a level 3 spell: Dazzling Flash
  4601 | D:4      | Noticed Grinder
  4610 | D:4      | Killed Grinder
  4727 | D:4      | Noticed Robin
  4735 | D:4      | Killed Robin
  5065 | D:5      | Entered Level 5 of the Dungeon
  5071 | D:5      | Reached XP level 8. HP: 49/58 MP: 0/0
  5910 | D:6      | Noticed Blork the orc
  6023 | D:6      | HP: 2/58 [ice beast (13)]
  6144 | D:6      | Killed Blork the orc
  6145 | D:6      | Reached XP level 9. HP: 21/63 MP: 0/0
  6145 | D:6      | Learned a level 3 spell: Stone Arrow
  6450 | D:6      | Reached skill level 5 in Fighting
  6494 | D:6      | Found a basalt altar of Yredelemnul.
  6635 | D:6      | Found a glowing drain.
  6644 | Sewer    | Entered a sewer
  7598 | D:6      | Noticed Pikel
  7628 | D:6      | Killed Pikel
  7784 | D:6      | Reached XP level 10. HP: 60/72 MP: 0/0
  7903 | D:6      | Reached skill level 7 in Dodging
  7903 | D:6      | Reached XP level 11. HP: 79/79 MP: 0/0
  7903 | D:6      | Learned a level 4 spell: Leda's Liquefaction
  8953 | D:7      | Found a staircase to the Ecumenical Temple.
  8959 | Temple   | Entered the Ecumenical Temple
  9070 | Temple   | Became a worshipper of Ashenzari the Shackled
  9324 | D:7      | HP: 3/79 [/static electricity (4)]
  9801 | D:7      | Identified the +11 dagger "Hisha" {flame, rF- Dex+4}
 10846 | D:7      | Found a staircase to the Ecumenical Temple.
 11186 | D:8      | Found Asalema's Self-Improvement Boutique.
 11756 | D:8      | Noticed a two-headed ogre
 11773 | D:8      | Killed a two-headed ogre
 11774 | D:8      | Reached skill level 10 in Spellcasting
 11979 | D:8      | Found a burning altar of Makhleb.
 12196 | D:8      | Found a bloodstained altar of Trog.
 12197 | D:8      | Noticed a wizard
 12203 | D:8      | Killed a wizard
 12454 | D:9      | Found a staircase to the Lair.
 12803 | D:9      | Reached * piety under Ashenzari
 12828 | D:9      | Identified the +4 sling of the Sharp God {freeze, rC+
                  | Stlth+}
 13621 | D:9      | Noticed a necromancer
 13623 | D:9      | Killed a necromancer
 14311 | Lair:1   | Entered Level 1 of the Lair of Beasts
 14519 | D:2      | Killed Crazy Yiuf
 14809 | Lair:1   | Reached ** piety under Ashenzari
 15130 | Lair:1   | Found a shadowy altar of Dithmenos.
 15183 | Lair:1   | Reached XP level 12. HP: 79/91 MP: 0/0
 15331 | Lair:1   | Reached *** piety under Ashenzari
 15845 | Lair:2   | Noticed a death yak
 15845 | Lair:2   | Noticed a death yak
 15847 | Lair:2   | Noticed a death yak
 15850 | Lair:2   | Killed a death yak
 15933 | Lair:1   | Killed a death yak
 16095 | Lair:2   | Killed a death yak
 16096 | Lair:2   | Reached skill level 8 in Dodging
 16632 | Lair:2   | Found a staircase to the Shoals.
 17000 | Lair:2   | Found a staircase to the Snake Pit.
 17664 | Lair:2   | Reached skill level 10 in Fighting
 18711 | Lair:3   | Reached XP level 13. HP: 95/103 MP: 0/0
 18711 | Lair:3   | Learned a level 5 spell: Borgnjor's Vile Clutch
 18970 | Lair:4   | Noticed a seven-headed hydra
 18986 | Lair:4   | Identified the +6 long sword "Ciskod" {freeze, +Blink rPois
                  | rCorr Int+6}
 19075 | Lair:4   | Noticed a catoblepas
 19079 | Lair:4   | Killed a catoblepas
 19249 | Lair:4   | Found the +3 robe of Clouds {*Thunder rCloud rElec}
 19279 | Lair:4   | Reached skill level 9 in Dodging
 19597 | Lair:4   | Killed a seven-headed hydra
 20043 | Lair:5   | Entered Level 5 of the Lair of Beasts
 20043 | Lair:5   | Noticed Sonja
 20045 | Lair:5   | Killed Sonja
 20101 | Lair:5   | Found a staircase to the Slime Pits.
 20167 | Lair:5   | Noticed a seven-headed hydra
 20174 | Lair:5   | Killed a seven-headed hydra
 20236 | Lair:5   | Reached skill level 10 in Dodging
 20334 | Lair:5   | Reached skill level 5 in Shields
 20337 | Lair:5   | Reached XP level 14. HP: 75/114 MP: 0/0
 20902 | Lair:5   | Identified the +3 leather armour of Howling Wind {Str+3}
 21358 | D:10     | Entered Level 10 of the Dungeon
 21996 | D:10     | Found a staircase to the Orcish Mines.
 22089 | D:10     | Found a shimmering altar of Xom.
 22089 | D:10     | Found a shimmering altar of Xom.
 22089 | D:10     | Found a shimmering altar of Xom.
 22093 | D:10     | Found a shimmering altar of Xom.
 22094 | D:10     | Found a shimmering altar of Xom.
 22668 | D:10     | Found a shimmering altar of Xom.
 22668 | D:10     | Found a shimmering altar of Xom.
 22668 | D:10     | Found a shimmering altar of Xom.
 22672 | D:10     | Found a shimmering altar of Xom.
 22673 | D:10     | Found a shimmering altar of Xom.
 22748 | D:10     | Found a staircase to the Orcish Mines.
 23426 | D:11     | Found Forphap's Overcharged Wands.
 23973 | D:12     | Identified the +1 ring mail "Keefun" {rC+}
 23982 | D:12     | Noticed Gastronok
 23998 | D:12     | Killed Gastronok
 24571 | D:12     | Found the +6 shillelagh "Devastator" {shatter}
 24574 | D:12     | Reached **** piety under Ashenzari
 24643 | D:12     | Reached skill level 11 in Dodging
 24773 | D:12     | Reached XP level 15. HP: 106/124 MP: 0/0
 24773 | D:12     | Learned a level 6 spell: Statue Form
 24802 | D:12     | Noticed Nessos
 24885 | D:12     | Killed Nessos
 25078 | Orc:1    | Entered Level 1 of the Orcish Mines
 25249 | Orc:1    | Noticed Fannar
 25253 | Orc:1    | Killed Fannar
 25528 | Orc:2    | Entered Level 2 of the Orcish Mines
 25573 | Orc:2    | Found a staircase to the Elven Halls.
 25771 | Orc:2    | Found Tueby's Vocational Training.
 25893 | Orc:2    | Reached skill level 12 in Dodging
 26101 | Orc:2    | Reached skill level 13 in Dodging
 26293 | Orc:2    | Found Paizamep's Antique Weapon Boutique.
 26307 | Orc:2    | Found Loereil's Armour Shop.
 26309 | Orc:2    | Found Udutof Mewk's Distillery.
 26318 | Orc:2    | Found Disch's Armour Boutique.
 27015 | D:13     | Found a broken altar of Ashenzari.
 27020 | D:13     | Identified the +5 great sword of Dugidot {venom, *Noise
                  | *Slow rPois rN+++}
 27022 | D:13     | Reached ***** piety under Ashenzari
 27362 | D:13     | Identified the +0 chain mail of the Bursted Stallion {rF-
                  | Regen+ rCorr Str+2}
 27382 | D:13     | Noticed Urug
 27396 | D:13     | Killed Urug
 27810 | D:13     | Found a broken altar of Ashenzari.
 28829 | D:14     | Noticed Snorg
 28834 | D:14     | Killed Snorg
 29094 | D:14     | Reached XP level 16. HP: 100/140 MP: 0/0
 29413 | D:14     | Reached skill level 14 in Dodging
 29479 | D:14     | Found a gate to the Vaults.
 29614 | D:14     | Found a runed translucent door.
 29689 | D:15     | Entered Level 15 of the Dungeon
 29928 | D:15     | Noticed Azrael
 29969 | D:15     | Found a runed translucent gate.
 29969 | D:15     | Found a runed translucent gate.
 29969 | D:15     | Found a runed translucent gate.
 30241 | D:15     | Reached skill level 1 in Evocations
 30366 | D:15     | Found a staircase to the Depths.
 30664 | D:15     | Noticed Kixze Teama's ghost (adept DjCj)
 30675 | D:15     | Noticed Jorgrun
 30687 | D:15     | Killed Jorgrun
 30837 | D:15     | Killed Azrael
 31220 | Snake:1  | Entered Level 1 of the Snake Pit
 31572 | Snake:1  | Reached XP level 17. HP: 138/149 MP: 0/0
 31572 | Snake:1  | Learned a level 7 spell: Haunt
 31611 | Snake:1  | Reached skill level 15 in Fighting
 32754 | Snake:2  | Reached skill level 10 in Shields
 32827 | Snake:2  | Reached skill level 15 in Spellcasting
 32862 | Snake:2  | Identified the +1 plate armour "Quocaleg" {Harm Regen+
                  | Str+4 Slay+3}
 33878 | Snake:3  | Reached XP level 18. HP: 122/158 MP: 0/0
 34258 | Snake:3  | Noticed Asterion
 34264 | Snake:3  | Killed Asterion
 34381 | Snake:4  | Entered Level 4 of the Snake Pit
 34454 | Snake:4  | Reached skill level 15 in Dodging
 35999 | Snake:4  | Got a serpentine rune of Zot
 36531 | Shoals:1 | Entered Level 1 of the Shoals
 36542 | Shoals:1 | Reached XP level 19. HP: 148/164 MP: 0/0
 36542 | Shoals:1 | Learned a level 7 spell: Enfeeble
 37519 | Shoals:2 | Found Inkeyfak's Weapon Emporium.
 37636 | Shoals:2 | Noticed Donald
 37643 | Shoals:2 | Killed Donald
 37754 | Shoals:2 | Noticed Mlioglotl
 37764 | Shoals:2 | Killed Mlioglotl
 38667 | Shoals:3 | Identified the +2 quarterstaff "Enimocae" {freeze, *Corrode
                  | rElec Dex+3}
 39634 | Shoals:4 | Entered Level 4 of the Shoals
 39640 | Shoals:4 | Noticed Kirke
 39650 | Shoals:4 | Killed Kirke
 39885 | Shoals:4 | Found Uteixu's General Store.
 39899 | Shoals:4 | Identified Roxanne's Dissertation on Geology
 39899 | Shoals:4 | Noticed Roxanne
 40708 | Shoals:4 | Reached skill level 15 in Shields
 40824 | Shoals:4 | Noticed Polyphemus
 40829 | Shoals:4 | Reached XP level 20. HP: 149/175 MP: 0/0
 40946 | Shoals:4 | Killed Polyphemus
 41100 | Shoals:4 | Noticed Mara
 41477 | Elf:1    | Entered Level 1 of the Elven Halls
 41581 | Elf:1    | Reached skill level 1 in Short Blades
 42216 | Elf:1    | Found a corrupted altar of Lugonu.
 42661 | Elf:2    | Paralysed by an air elemental for 1 turns
 42769 | Elf:2    | Identified the +3 war axe "Agoklee" {elec, *Rage Dex+4}
 42809 | Elf:2    | Identified the +1 kite shield "Adedeg" {rC+ rN+}
 43021 | Elf:2    | Reached skill level 5 in Short Blades
 43238 | Elf:2    | Found a runed translucent gate.
 43239 | Elf:2    | Found a runed translucent gate.
 43239 | Elf:2    | Found a runed translucent gate.
 43592 | Elf:3    | Entered Level 3 of the Elven Halls
 43740 | Elf:3    | Reached XP level 21. HP: 137/181 MP: 0/0
 43740 | Elf:3    | Learned a level 7 spell: Ozocubu's Refrigeration
 43839 | Elf:3    | Found Ysmal's Antique Weapon Shoppe.
 43850 | Elf:3    | Bought a fine long sword for 297 gold pieces
 43850 | Elf:3    | Identified the +4 long sword of the Asp {flame, *Corrode
                  | +Blink rC+ Str+2} (You bought it in a shop on level 3 of
                  | the Elven Halls)
 43976 | Elf:3    | Paralysed by an air elemental for 1 turns
 44077 | Elf:3    | Reached skill level 5 in Stealth
 44614 | Elf:3    | Identified the +9 broad axe of Posu {vorpal, rN+ Stlth+}
 44657 | Elf:3    | Identified the +2 robe of the Flute {Str+6}
 44787 | Elf:3    | Identified the amulet "Boxzo" {Will- Regen+ Str+6}
 44831 | Elf:3    | Identified the +4 war axe "Pevvor" {freeze, rPois rN+}
 44967 | Elf:3    | Identified the +6 scimitar of the Lurker {vorpal, *Rage
                  | Str+2 Int+5}
 44967 | Elf:3    | Identified the +1 robe of Apetz {rF++ Int-4}
 45541 | Elf:3    | Identified the +2 ring mail of Mumblety Peg {Str+5 Dex+3}
 45577 | Elf:3    | Identified the Writings on the Vexing Chill
 45999 | Shoals:4 | Reached skill level 16 in Dodging
 46427 | Vaults:1 | Entered Level 1 of the Vaults
 46483 | Vaults:1 | Found a flickering gateway to a bazaar.
 46558 | Bazaar   | Entered a bazaar
 46558 | Bazaar   | Found Lypsor's Assorted Antiques.
 46562 | Bazaar   | Found Giarad's Magic Scroll Emporium.
 46571 | Bazaar   | Found Upnexeef's Weapon Shoppe.
 46580 | Bazaar   | Found Maliak's Magic Scroll Emporium.
 46607 | Bazaar   | Found Zijiejot's Assorted Antiques.
 46652 | Bazaar   | Bought a scroll of fog for 28 gold pieces
 46652 | Bazaar   | Bought a scroll of blinking for 52 gold pieces
 46652 | Bazaar   | Bought a scroll of summoning for 66 gold pieces
 46664 | Bazaar   | Bought a scroll of enchant armour for 82 gold pieces
 46664 | Bazaar   | Bought a scroll of acquirement for 572 gold pieces
 46664 | Bazaar   | Bought a scroll of noise for 11 gold pieces
 47612 | Vaults:1 | Reached XP level 22. HP: 169/189 MP: 0/0
 48109 | Vaults:2 | Noticed Boris
 48124 | Vaults:2 | Killed Boris
 48125 | Vaults:2 | Reached skill level 17 in Dodging
 48345 | Vaults:2 | Noticed Bai Suzhen
 48370 | Vaults:2 | Killed Bai Suzhen
 48535 | Vaults:2 | Noticed Zenata
 48545 | Vaults:2 | Killed Zenata
 49562 | Vaults:2 | Identified the +1 whip of a volcano {drain, Fragile Int+3
                  | Dex+2}
 50573 | Vaults:3 | Found Neun's Weapon Shoppe.
 50900 | Vaults:3 | Reached skill level 18 in Dodging
 51577 | Vaults:3 | Noticed Boris
 51584 | Vaults:3 | Killed Boris
 51585 | Vaults:3 | Reached XP level 23. HP: 168/197 MP: 0/0
 51585 | Vaults:3 | Learned a level 8 spell: Discord
 51717 | Vaults:3 | Found a staircase to the Crypt.
 52634 | Vaults:4 | Noticed Xtahua
 52638 | Vaults:4 | Killed Xtahua
 52793 | Vaults:4 | Identified the cursed +0 pair of gloves of the Prophetic
                  | Heavens {Evo, Self} (You found it on level 12 of the
                  | Dungeon)
 53410 | Vaults:4 | Found Kuiry's Assorted Antiques.
 53422 | Vaults:4 | Bought a steaming robe for 96 gold pieces
 53422 | Vaults:4 | Identified the +1 robe "Duket" {rElec rC++ Regen+ Stlth-}
                  | (You bought it in a shop on level 4 of the Vaults)
 53973 | Depths:1 | Entered Level 1 of the Depths
 54084 | Depths:1 | Found Veehuf's General Store.
 54102 | Depths:1 | Found a one-way gate to the infinite horrors of the Abyss.
 54329 | Depths:1 | Reached XP level 24. HP: 112/204 MP: 0/0
 54519 | Depths:1 | Reached skill level 19 in Dodging
 54804 | Depths:1 | Found Fuhueq's Book Boutique.
 54807 | Depths:1 | Found Gimaq's Assorted Antiques.
 54807 | Depths:1 | Found Reeklin's Magic Scroll Boutique.
 54810 | Depths:1 | Found Onanitri's Weapon Shop.
 54827 | Depths:1 | Upgraded the game from 0.29-a0-872-g797fff5ad1 to
                  | 0.30-a0-643-g638baaf3f0
 54868 | Depths:1 | Found a gateway to Hell.
 55343 | Depths:2 | Reached skill level 20 in Dodging
 55440 | Depths:2 | Identified the +0 chain mail of Pragmatism {+Inv rCorr
                  | Int+7}
 55633 | Depths:2 | Identified the amulet of Mapy {Reflect rElec rF+++ Dex-5
                  | SH+5 Stlth+}
 55746 | Depths:2 | Paralysed by an air elemental for 1 turns
 55887 | Depths:2 | Paralysed by an air elemental for 1 turns
 55890 | Depths:2 | Reached skill level 21 in Dodging
 55972 | Depths:2 | Paralysed by an air elemental for 1 turns
 56225 | Depths:1 | Bought the -2 hat of the Alchemist {rElec rPois rF+ rC+ rN+
                  | Will+ rMut rCorr} for 2029 gold pieces
 56225 | Depths:1 | Found the -2 hat of the Alchemist {rElec rPois rF+ rC+ rN+
                  | Will+ rMut rCorr}
 56814 | Depths:2 | Identified the ring "Babush" {rC+ rCorr Dex+6}
 56834 | Depths:2 | Identified the Grimoire of Transposed Concussion
 56907 | Depths:2 | Found a one-way gate leading to the halls of Pandemonium.
 57706 | Depths:3 | Paralysed by a floating eye for 4 turns
 57797 | Depths:3 | Found a one-way gateway to a ziggurat.
 58079 | Depths:3 | Reached XP level 25. HP: 212/212 MP: 0/0
 58079 | Depths:3 | Learned a level 8 spell: Maxwell's Capacitive Coupling
 58652 | Depths:3 | Found an iron altar of Okawaru.
 58907 | Depths:3 | Identified the +1 plate armour of Parlour Games {Str+4}
 59214 | Depths:4 | Entered Level 4 of the Depths
 59214 | Depths:4 | Found a transporter.
 59214 | Depths:4 | Found a transporter.
 59271 | Depths:4 | Noticed a juggernaut
 59277 | Depths:4 | Killed a juggernaut
 59595 | Depths:4 | Reached skill level 22 in Dodging
 59792 | Depths:4 | Found a gate to the Realm of Zot.
 60910 | Crypt:1  | Entered Level 1 of the Crypt
 61058 | Crypt:1  | Reached skill level 1 in Long Blades
 61927 | Shoals:4 | Killed Roxanne
 62104 | Shoals:4 | Killed Mara
 62130 | Shoals:4 | Got a barnacled rune of Zot
 62557 | Shoals:4 | Found Uteixu's General Store.
 63232 | D:15     | Killed Kixze Teama's ghost
 63867 | Crypt:1  | Found a transporter.
 63925 | Crypt:1  | Identified the +0 pair of gloves of Shielding {Int+3 Dex-5
                  | Stlth+}
 63936 | Crypt:1  | Found a transporter.
 63937 | Crypt:1  | Identified the ring "Kist" {rN+ MP+9 Int+6}
 64139 | Crypt:2  | Noticed Jory
 64143 | Crypt:2  | Killed Jory
 64531 | Slime:1  | Entered Level 1 of the Pits of Slime
 64542 | Slime:1  | Reached XP level 26. HP: 198/218 MP: 0/0
 64607 | Slime:2  | Reached skill level 5 in Long Blades
 64725 | Slime:5  | Entered Level 5 of the Pits of Slime
 65189 | Slime:5  | Noticed the Royal Jelly
 65194 | Slime:5  | Killed the Royal Jelly
 65371 | Slime:5  | Reached skill level 23 in Dodging
 65995 | Slime:5  | Identified the +8 quarterstaff of the Special Quests
                  | {flame, rF+ rCorr}
 65995 | Slime:5  | Identified the +1 scale mail of Hadjma {Int+6 Dex-3}
 65995 | Slime:5  | Identified the +7 sling of the Smoking Enemy {drain,
                  | *Corrode MP+9 Str+4}
 65995 | Slime:5  | Identified the ring "Hakohil" {Wiz rPois}
 65995 | Slime:5  | Identified the +6 quarterstaff of Meriv {spect, rC+++ Dex-4
                  | SInv Stlth+}
 65996 | Slime:5  | Identified the +7 short sword "Muwk" {protect, Contam Str+7
                  | Dex+3}
 65996 | Slime:5  | Identified the +6 short sword of Cruel Justice {freeze,
                  | Will- Str+8 Int-4 Dex+5}
 66035 | Slime:5  | Identified Sif Muna's Elucidation of Reconstruction and
                  | Bringing Forth
 66071 | Slime:5  | Identified the +4 triple crossbow "Sirupp" {flame, rF+
                  | Str+2 Dex+3}
 66127 | Slime:5  | Got a slimy rune of Zot
 67006 | Vaults:5 | Entered Level 5 of the Vaults
 67029 | Vaults:5 | Noticed an ancient lich
 67037 | Vaults:5 | Killed an ancient lich
 67061 | Vaults:5 | Noticed an ancient lich
 67063 | Vaults:5 | Noticed Margery
 67067 | Vaults:5 | Killed Margery
 67067 | Vaults:5 | Noticed an ancient lich
 67071 | Vaults:5 | Killed an ancient lich
 67173 | Vaults:5 | Reached XP level 27. HP: 177/228 MP: 0/0
 67173 | Vaults:5 | Learned a level 9 spell: Death's Door
 67276 | Vaults:5 | Reached skill level 24 in Dodging
 67359 | Vaults:5 | Killed an ancient lich
 67795 | Vaults:5 | Reached skill level 5 in Evocations
 67972 | Vaults:5 | Noticed a dread lich
 67976 | Vaults:5 | Killed a dread lich
 68072 | Vaults:5 | Identified the +3 buckler of Mysticism {+Blink Will- rCorr
                  | Dex+7}
 68192 | Vaults:5 | Got a silver rune of Zot
 70188 | Depths:1 | Bought a pair of runed gloves for 322 gold pieces
 70577 | Zot:1    | Entered Level 1 of the Realm of Zot
 70585 | Zot:1    | HP: 11/224 [tentacled monstrosity (5)]
 70586 | Zot:1    | HP: 2/224 [storm dragon (4)]
 70586 | Zot:1    | Slain by a green draconian monk

Illustrated notes

Levels and vault maps discovered:
D:1:      dpeg_arrival_tiny_d, layout_basic, chequers_serial_rivers_marsh
D:2:      layout_basic, ebering_ecumenical_altar_hall, uniq_crazy_yiuf_cottage
D:3:      layout_loops_ring, nicolae_ru_sacrificial_ziggurat,
          chei_slow_surprise, mainiacjoe_overflow_alcove_1, hex_large,
          uniq_natasha, uniq_jessica, uniq_terence
D:4:      layout_rooms, lemuel_crystal_altar, minmay_goblin_kobold_house,
          uniq_robin, uniq_grinder
D:5:      layout_rooms
D:6:      layout_basic, lemuel_tele_altar, gup_sewer_entry_spiral,
          uniq_blork_the_orc, uniq_pikel
D:7:      layout_loops_corners, minmay_temple_entry_nine_rooms,
          hangedman_decor_riveting, chequers_serial_rivers_large_b
D:8:      layout_cave_pods, lightli_temple_of_fire, trog_wizard,
          grunt_ministairs_6, nicolae_shop_self_help
D:9:      layout_basic, lair_entry_dummy, minmay_misc_feat_encased,
          eino_house_with_fridge
D:10:     layout_loops_ring, xom_redecorated, orc_0_dummy,
          minmay_fractal_squares_gapless_5
D:11:     layout_gridville, nicolae_shop_overcharged_wands
D:12:     layout_rooms, dilly_guarded_unrand_devastator, uniq_nessos,
          uniq_gastronok
D:13:     layout_grid_maze, cheibrodos_ashenzari_chains, uniq_urug
D:14:     layout_small_grid, david_vaults_5, chequers_decorated_corner,
          amcnicky_mini_pool_small, minmay_hidden_floor, uniq_snorg
D:15:     gammafunk_depths_entry_grave, layout_irregular_city,
          gammafunk_ghost_spectres, uniq_azrael, uniq_jorgrun
Temple:   nicolae_temple_superstar
Lair:1:   layout_gridlike, basic_altar
Lair:2:   layout_cave_shapes, elwin_shoals_entry_stream,
          minmay_snake_entry_guardpost_small
Lair:3:   layout_roguey, serial_bayou_shore_b
Lair:4:   layout_gridlike, grunt_megastairs_1
Lair:5:   minmay_lair_end_frog_pond, layout_hall_layers, slime_entry_1,
          grunt_forest_stairs_basic, uniq_sonja
Shoals:1: layout_shoals
Shoals:2: layout_shoals, serial_shops, nicolae_stop_n_shop_2, uniq_mlioglotl,
          uniq_donald
Shoals:3: layout_shoals
Shoals:4: shoals_end_hangedman, layout_shoals, serial_shops, shop, uniq_mara,
          uniq_polyphemus, uniq_kirke, uniq_roxanne
Snake:1:  layout_chambers, nicolae_snake_snakes_in_the_grass, grunt_megastairs_2
Snake:2:  layout_onion
Snake:3:  layout_rooms, uniq_asterion
Snake:4:  grunt_snake_rune_serpentine_throne, layout_cave_town,
          serial_bayou_crossing
Slime:1:  layout_caves, cheibrodos_slime_lost_civilization_7
Slime:2:  layout_caves
Slime:3:  layout_caves
Slime:4:  layout_caves
Slime:5
Orc:1:    layout_diamond_mine, basic_altar, nicolae_orc_flooded_monolith,
          uniq_fannar
Orc:2:    st_orc_open, layout_caves, nicolae_shop_vocational
Elf:1:    layout_geoelf_octagon, hangedman_elven_crosses_minicolossus,
          nicolae_elf_glass_and_crystal_pillar_1, nicolae_elf_theology_debate
Elf:2:    nicolae_elf_blades_crystal_corner, layout_geoelf_octagon,
          grunt_ministairs_13
Elf:3:    minmay_elf_hall_x, layout_rooms, serial_shops, nicolae_shop_waterfront
Vaults:1: vaults_standard_mumra_x, ontoclasm_vaults_ligature,
          ontoclasm_vaults_idyll, vaults_room_stairs_pillars, v_misc_16,
          nicolae_vaults_sealed_display, layout_vaults_omnigrid, serial_shops,
          bzr_entry_road
Vaults:2: hangedman_vaults_cutoff, nicolae_vaults_little_squares_3,
          nicolae_vaults_twisting_passages, nicolae_vaults_little_squares_1,
          nicolae_vaults_shelves_hall, v_misc_13, v_misc_29,
          nicolae_vaults_network_periphery, hangedman_vaults_restitches,
          v_pattern_4, ontoclasm_vaults_gallery, layout_vaults_big_room,
          uniq_boris, uniq_zenata, uniq_bai_suzhen
Vaults:3: minmay_crypt_entry_simple_round, dpeg_vaults_monster_box,
          nicolae_vaults_mini_display_case, v_misc_30,
          nicolae_vaults_little_squares_5, ontoclasm_vaults_hangar,
          nicolae_vaults_fighting_squares, hangedman_vaults_impose,
          hangedman_vaults_nails, ontoclasm_vaults_chip, ontoclasm_vaults_fault,
          ontoclasm_vaults_shuriken, ontoclasm_vaults_gateway,
          layout_vaults_ring
Vaults:4: v_misc_5, nicolae_vaults_octagons, nicolae_vaults_three_branches,
          hangedman_vaults_hat, v_misc_32, grunt_vaults_swirl, v_alt_pattern_1,
          hangedman_vaults_river_flow, v_misc_25, v_misc_19, v_alt_pattern_4,
          v_alt_pattern_1, nicolae_vaults_little_squares_6,
          vaults_room_mumra_shop_pool, layout_vaults_maze_bifur, uniq_xtahua
Vaults:5: serial_shops, uniq_margery
Crypt:1:  gammafunk_sealed_arena, layout_catacombs, grunt_crypt_arrival_split,
          roderic_lattice_octagonal_star
Crypt:2:  layout_misc_corridors, special_room [special_room_morgue],
          uniq_josephina, uniq_grunn, uniq_jory
Depths:1: minmay_bubble_buster, layout_long_grid, hangedman_abyss_entry_splay,
          minmay_misc_feat_more_columns, serial_shops, shop,
          pf_hell_entry_tar_spiral, onia_ninara_cookie, minmay_shoptagon
Depths:2: radiant_caverns_b_rkd, pan_entry, hell_entry
Depths:3: minmay_triangles_in_corner, layout_cross, enter_ziggurat_a,
          abyss_entry_crystal, hellmouth_1, lemuel_doored_altar, tgw_sif
Depths:4: grunt_twist_and_shout, layout_cave_pools, hell_entry,
          nicolae_diode_stairs
Zot:1:    lemuel_draconian_sentries_small, layout_basic, evilmike_ambush
          [evilmike_ambush_outer_corners, evilmike_ambush_inner_basic]

Skill      XL: |  1  2  3  4  5  6  7  8  9 10 11 12 13 14 15 16 17 18 19 20 21 22 23 24 25 26 27 |
---------------+----------------------------------------------------------------------------------+-----
Spellcasting   | 3 4 5 6 7 9 11 12 13 14 15 16 17 18 | 18.3
Fighting       | 1 2 3 4 5 7 8 10 12 13 14 15 16 17 18 | 18.3
Armour         | 6 7 |  7.5
Dodging        | 7 8 10 11 13 14 15 16 18 21 22 23 24 | 24.0
Shields        | 4 5 7 10 11 15 16 17 18 19 20 21 | 21.9
Evocations     | 1 8 |  8.9
Stealth        | 4 6 9 |  9.2
Short Blades   | 5 6 7 8 |  8.3
Long Blades    | 4 9 |  9.9

Action                   |  1- 3 |  4- 6 |  7- 9 | 10-12 | 13-15 | 16-18 | 19-21 | 22-24 | 25-27 || total
-------------------------+-------+-------+-------+-------+-------+-------+-------+-------+-------++-------
Melee: Dagger            |     2 |       |       |       |       |       |    15 |     2 |       ||    19
       Staff             |       |       |     1 |     3 |       |     1 |     2 |     2 |     2 ||    11
       Long sword        |       |       |       |       |       |     2 |       |       |       ||     2
       Scimitar          |       |       |       |       |       |       |       |       |     1 ||     1
 Cast: Shock             |    68 |    63 |   146 |    41 |     9 |     1 |       |       |     1 ||   329
       Static Discharge  |       |     4 |     5 |    16 |    18 |    33 |    12 |     4 |     2 ||    94
       Airstrike         |       |       |    35 |   250 |   144 |    69 |    14 |    49 |    22 ||   583
       Stone Arrow       |       |       |       |     5 |    41 |    48 |    41 |    32 |     4 ||   171
       Foxfire           |       |       |       |     4 |    56 |    32 |       |       |       ||    92
       Borgnjor's Vile C |       |       |       |       |   324 |   305 |   307 |   220 |    40 ||  1196
       Dazzling Flash    |       |       |       |       |       |     1 |       |       |       ||     1
       Haunt             |       |       |       |       |       |   143 |   188 |   128 |    29 ||   488
       Enfeeble          |       |       |       |       |       |       |   167 |    69 |     2 ||   238
       Ozocubu's Refrige |       |       |       |       |       |       |    94 |   349 |   370 ||   813
       Discord           |       |       |       |       |       |       |       |     5 |     9 ||    14
       Statue Form       |       |       |       |       |       |       |       |     1 |       ||     1
       Maxwell's Capacit |       |       |       |       |       |       |       |       |    80 ||    80
       Swiftness         |       |       |       |       |       |       |       |       |     1 ||     1
Invok: Curse Item        |       |       |       |     4 |     5 |     1 |     2 |     3 |     1 ||    16
       Shatter the Chain |       |       |       |       |     2 |     1 |     1 |     3 |     2 ||     9
 Abil: Evoke Blink       |       |       |       |       |       |     1 |       |       |       ||     1
       End Transformatio |       |       |       |       |       |       |       |     1 |       ||     1
Evoke: Wand              |       |       |       |       |       |       |       |       |     1 ||     1
  Use: Potion            |       |       |     1 |     1 |       |       |     1 |       |     2 ||     5
       Scroll            |       |       |       |     9 |     1 |       |     1 |       |     4 ||    15
 Stab: Sleeping          |       |       |       |       |       |       |     5 |       |       ||     5
       Invisible         |       |       |       |       |       |       |     1 |       |       ||     1
       Distracted        |       |       |       |       |       |       |       |     1 |       ||     1
Armor: Robe              |       |     2 |     8 |     1 |     5 |    22 |    14 |     9 |    17 ||    78
       Steam dragon scal |       |       |       |     8 |     2 |       |       |       |       ||    10
       Skin              |       |       |       |       |       |       |       |     1 |       ||     1
Dodge: Dodged            |     4 |    13 |    19 |    33 |    32 |    96 |    83 |    77 |   150 ||   507
Block: Kite shield       |       |       |       |       |       |    75 |    10 |       |       ||    85
       Tower shield      |       |       |       |       |       |       |   126 |   103 |   222 ||   451

Table legend: (Time is in decaauts)
 A = Elapsed time spent in this place.
 B = Non-inter-level travel time spent in this place.
 C = Inter-level travel time spent in this place.
 D = Time resting spent in this place.
 E = Time spent auto-exploring this place.
 F = Levels seen in this place.
 G = Mean time per level.
                   A        B        C        D        E       F      G
               +--------+--------+--------+--------+--------+-----+--------+
         Total |  70740 |  59180 |  11560 |  12521 |  27642 |  53 | 1334.7 |
       Dungeon |  26079 |  20134 |   5945 |   4122 |  11695 |  15 | 1738.6 |
        Temple |    122 |     96 |     26 |      0 |     82 |   1 |  122.0 |
          Lair |   7357 |   6279 |   1078 |   1476 |   3699 |   5 | 1471.4 |
        Shoals |   6146 |   5643 |    503 |    919 |   2622 |   4 | 1536.5 |
     Snake Pit |   5214 |   4966 |    248 |   1036 |   1754 |   4 | 1303.5 |
    Slime Pits |   1782 |   1583 |    199 |    921 |     27 |   5 |  356.4 |
  Orcish Mines |   1731 |   1438 |    293 |    310 |    620 |   2 |  865.5 |
   Elven Halls |   3881 |   3392 |    489 |    855 |    545 |   3 | 1293.7 |
        Vaults |  10177 |   8848 |   1329 |   1641 |   4386 |   5 | 2035.4 |
         Crypt |   1069 |    934 |    135 |    100 |    390 |   2 |  534.5 |
        Depths |   6332 |   5020 |   1312 |    871 |   1464 |   4 | 1583.0 |
           Zot |      8 |      8 |      0 |      0 |      0 |   1 |    8.0 |
        Bazaar |    128 |    128 |      0 |      0 |     52 |   1 |  128.0 |
         Sewer |    708 |    708 |      0 |    270 |    306 |   1 |  708.0 |
               +--------+--------+--------+--------+--------+-----+--------+

Top non-repeatable levels by time:
Shoals:4: 2815 daAuts
     D:7: 2613 daAuts
     D:9: 2530 daAuts
Depths:2: 2355 daAuts
Vaults:5: 2347 daAuts
    D:14: 2327 daAuts
    D:10: 2293 daAuts
    D:13: 2249 daAuts
Vaults:1: 2131 daAuts
Vaults:2: 1954 daAuts
 Snake:4: 1950 daAuts
Vaults:3: 1942 daAuts
  Lair:2: 1895 daAuts
Vaults:4: 1800 daAuts
     D:6: 1768 daAuts
